AoeStats
← albaevaarina0

Arabia

510518365Analyzed
1v1 RM · 20h ago on Oct 1, 2026· 39m 38s· 2 players
Game mode
Random Map
Map size
Tiny (2 player)
Population
200
Speed
Normal
Resources
Standard
Victory
Conquest
Starting age
Dark Age
Ending age
Imperial Age
RankedLock teamsTeams togetherTeam positionsShared explorationLock speedFull tech treeHidden civsTurbo modeCheats
Victory
Defeat
🇰🇿 Japanese · Kazakhstan
1116
+14
🇷🇺 Franks · Russia
1083
-14
ViZard
6:24 Loom
9:11 Feudal Age
9:47 Double-Bit Axe
16:23 Forging
17:04 Scale Barding Armor
23:00 Castle Age
21:09 Gold Mining
24:14 Chain Barding Armor
24:02 Husbandry
24:13 Light Cavalry
25:20 Bow Saw
26:33 Iron Casting
26:23 Stone Mining
28:36 Gold Shaft Mining
31:04 Scale Mail Armor
31:20 Padded Archer Armor
39:16 Imperial Age
albaevaarina0
6:44 Loom
10:22 Feudal Age
10:29 Man-at-Arms
14:08 Double-Bit Axe
15:12 Horse Collar
21:07 Castle Age
21:13 Pikeman
23:05 Stone Mining
23:21 Gold Mining
25:01 Scale Mail Armor
25:38 Squires
25:57 Bow Saw
29:02 Forging
29:54 Heavy Plow
30:35 Wheelbarrow
29:47 Town Watch
30:06 Fletching
32:51 Chain Mail Armor
34:22 Iron Casting
Connection lost

Rejoining the realm…

Still unreachable

The connection could not be restored.

Session expired

The server has moved on; the page needs a fresh start.